 Dungeon Crawl Stone Soup version bcrawl-1.12-10-g10a67aac0f (webtiles) character file.

Game seed: 9886242233897043522

34 Banto the Ruffian (level 3, -2/28 HPs)
             Began as a Draconian Transmuter on June 11, 2019.
             Slain by a gnoll
             ... wielding a +0 spear
              (10 damage)
             ... on level 2 of the Dungeon.
             The game lasted 00:00:56 (1043 turns).

Banto the Ruffian (Draconian Transmuter)            Turns: 1043, Time: 00:00:57

Health: -2/28      AC:  5    Str: 12    XL:     3   Next: 14%
Magic:  4/6        EV: 12    Int: 14    God:
Gold:   49         SH:  0    Dex: 11    Spells: 3/6 levels left

rFire    . . .     SeeInvis .     - Unarmed
rCold    . . .     Gourm    .   (no shield)
rNeg     . . .     Faith    .   (armour unavailable)
rPois    .         Spirit   .   (helmet restricted)
rElec    .         Reflect  .   (no cloak)
rCorr    .         Harm     .   (no gloves)
MR       .....                  (no boots)
Stlth    +.........             (no amulet)
HPRegen  0.09/turn              (no ring)
MPRegen  0.10/turn              (no ring)

@: no status effects
A: unfitting armour, cold-blooded, AC +5
a: no special abilities


You were on level 2 of the Dungeon.
You were hungry.

You visited 1 branch of the dungeon, and saw 2 of its levels.

You collected 49 gold pieces.

Inventory:

Missiles
 a - 110 arrows
Scrolls
 e - a scroll of fear {unknown}
 g - 2 scrolls of teleportation {unknown}
 i - a scroll of identify {unknown}
Potions
 b - a potion of resistance {unknown}
 c - a potion of lignification
 f - a potion of magic {unknown}
 h - a potion of curing {unknown}
Comestibles
 d - 4 rations {!d}


   Skills:
 - Level 1.1 Fighting
 + Level 2.3 Dodging
 + Level 3.4 Unarmed Combat
 - Level 2.0 Spellcasting
 + Level 2.6 Transmutations


You had 3 spell levels left.
You knew the following spells:

 Your Spells              Type           Power        Failure   Level  Hunger
a - Beastly Appendage     Tmut           #.....       9%          1    ##.....
b - Sticks to Snakes      Tmut           #.......     12%         2    ###....

Your spell library contained the following spells:

 Spells                   Type           Power        Failure   Level  Hunger
 Spider Form              Tmut/Pois      #.........   38%         3    ####...
 Ice Form                 Ice/Tmut       #.......     80%         4    #####..
 Blade Hands              Tmut           #.........   92%         5    ######.


Dungeon Overview and Level Annotations

Branches:
Dungeon (2/12)

Altars:
Wu Jian


Innate Abilities, Weirdness & Mutations

Your plain brown scales are hard. (AC +5)
You cannot fit into any form of body armour.
You are cold-blooded and may be slowed by cold attacks.


Message History

The gnoll hits you from afar with a +0 spear.
Your memorisation is interrupted.
The gnoll closely misses you.
You hit the gnoll.
The gnoll is lightly wounded.
The gnoll hits you with a +0 spear!
You barely miss the gnoll.
The gnoll is lightly wounded.
The gnoll hits you with a +0 spear.
You closely miss the gnoll. You tail-slap the gnoll.
The gnoll is lightly wounded.
The gnoll hits you with a +0 spear!
* * * LOW HITPOINT WARNING * * *
Casting: Beastly Appendage (safe; 9% risk of failure)
Confirm with . or Enter, or press ? or * to list all spells.
You create a snake!
You now have arrows for 11 snakes.
You are feeling hungry.
The gnoll completely misses you.
The gnoll hits you from afar with a +0 spear!
You die...

##############
########<........._..
.........####g.......
########.# #.#######
#.####@######
#.##.S......#
#.##.....##..#
#.##.......
#.##.....#...
.##.....##$.# #.....#
#.# #...... .#
#..?... #


You could see a gnoll and a friendly ball python.

Vanquished Creatures
  A gnoll (D:2)
  A worm (D:2)
  4 leopard geckos (D:1)
  A giant cockroach (D:1)
  A goblin (D:1)
  4 hobgoblins
  2 kobolds
  A ball python (D:1)
  2 rats (D:1)
17 creatures vanquished.

Notes
Turn   | Place    | Note
-------+----------+-------------------------------------------
     0 | D:1      | Banto the Draconian Transmuter began the quest for the Orb.
     0 | D:1      | Reached XP level 1. HP: 16/16 MP: 3/3
   177 | D:1      | Reached XP level 2. HP: 16/23 MP: 5/5
   697 | D:2      | Found an ornate altar of the Wu Jian Council.
   921 | D:2      | Reached XP level 3. HP: 17/28 MP: 4/6
  1036 | D:2      | Learned a level 2 spell: Sticks to Snakes
  1043 | D:2      | Slain by a gnoll

Skill      XL: |  1 |
---------------+----+-----
Dodging        | 2 |  2.3
Fighting       | |  1.1
Unarmed Combat | |  3.4
Spellcasting   | |  2.0
Transmutations | |  2.6

Action                   || total
-------------------------++-------
Melee: Unarmed           ||    72
       Tailslap          ||     6
       Headbutt          ||     3
       Punch             ||     1
 Cast: Beastly Appendage ||     2
       Sticks to Snakes  ||     1
Armor: Skin              ||    12
Dodge: Dodged            ||    34
